 Dungeon Crawl Stone Soup version 0.30.0-10-gfe55d96785 (webtiles) character file.

Game seed: 14236956253201095147

7425 ANNNA the Thaumaturge (level 10, -7/74 (75) HPs)
             Began as a Grey Draconian Ice Elementalist on May 15, 2023.
             Was an Initiate of Ashenzari.
             Mangled by Urug
             ... wielding a +2 great sword of electrocution
              (18 damage)
             ... on level 1 of the Lair of Beasts.
             The game lasted 00:41:41 (11185 turns).

ANNNA the Thaumaturge (DrIE)                       Turns: 11185, Time: 00:41:42

HP:   -7/74 (75)    AC: 19    Str: 13    XL:     10   Next: 93%
MP:   17/22         EV: 18    Int: 15    God:    Ashenzari [......]
Gold: 1184          SH:  0    Dex: 14    Spells: 14/25 levels left

rFire   + . .        L - +3 scimitar (flame)
rCold   + . .        (no shield)
rNeg    . . .        (body armour unavailable)
rPois   +            (helmet restricted)
rElec   .            S - scarf of Qeoppof {rC+ rF+, rPois Will- rCorr Stlth+}
rCorr   +            (no gloves)
SInv    .            (no boots)
Will    .....        (no amulet)
Stlth   ++++         n - ring of wizardry
HPRegen 0.32/turn    q - +5 ring of evasion
MPRegen 0.18/turn

%: wizardry (x1)
@: ice-armoured, freezing walls, studying Long Blades, lightly drained
A: AC +12, amphibious, unfitting armour, cold-blooded
a: Renounce Religion, Curse Item


You were on level 1 of the Lair of Beasts.
You worshipped Ashenzari.
Ashenzari was noncommittal.
You visited 3 branches of the dungeon, and saw 12 of its levels.
You also visited: Sewer and Bailey.

You collected 1622 gold pieces.
You spent 438 gold pieces at shops.

Inventory:

Hand Weapons
 r - the +1 dagger of Wariness {flame, rC- Str+4 Dex+3 Stlth+}
   (You found it on level 3 of the Dungeon)

   Str:       It affects your strength (+4).
   Dex:       It affects your dexterity (+3).
   rC:        It makes you vulnerable to cold.
   Stlth:     It makes you more stealthy.
 s - a +2 long sword of electrocution
 L - a +3 scimitar of flaming (weapon)
Missiles
 g - 113 stones (quivered)
 l - 55 poisoned darts
 w - 2 curare-tipped darts
 D - a throwing net
 N - 2 javelins
 O - 22 boomerangs
Armour
 f - a +2 cloak of poison resistance
 J - an orb of light
 S - the scarf of Qeoppof (worn) {rC+ rF+, rPois Will- rCorr Stlth+}
   (You found it on level 9 of the Dungeon)

   rPois:     It protects you from poison.
   rCorr:     It protects you from acid and corrosion.
   Will:      It decreases your willpower.
   Stlth:     It makes you more stealthy.
Jewellery
 n - a ring of wizardry (left hand)
 q - a +5 ring of evasion (right hand)
 H - a +6 ring of dexterity
 K - a +6 ring of strength
 P - a ring of flight
 W - a +6 ring of dexterity
Wands
 d - a wand of acid (2)
 A - a wand of flame (33)
 M - a wand of polymorph (4)
 T - a wand of paralysis (4)
 V - a wand of digging (5)
Scrolls
 c - 2 scrolls of enchant armour
 e - 2 scrolls of teleportation
 o - 3 scrolls of noise
 p - 2 scrolls of poison
 x - a scroll of magic mapping
 y - a scroll of brand weapon
 B - 5 scrolls of enchant weapon
 C - a scroll of summoning {unknown}
 E - a scroll of torment {unknown}
 I - 2 scrolls of fog
 R - a scroll of fear {unknown}
 X - a scroll of amnesia {unknown}
Potions
 a - 3 potions of magic
 b - 5 potions of curing
 h - 2 potions of berserk rage
 i - 3 potions of haste
 j - 2 potions of ambrosia
 k - 4 potions of heal wounds
 m - a potion of mutation
 t - 2 potions of might
 u - 3 potions of brilliance
 v - 3 potions of cancellation
 z - a potion of invisibility
 G - 7 potions of flight
Miscellaneous
 F - a piece from Xom's chessboard (15/15)
 Q - a condenser vane (inert)


   Skills:
 + Level 2.9 Fighting
 + Level 2.7(5.9) Short Blades
 + Level 8.3(8.5) Long Blades
 + Level 4.3 Dodging
 * Level 7.0 Stealth
 + Level 0.1 Unarmed Combat
 * Level 8.3 Spellcasting
 + Level 1.7 Summonings
 + Level 8.0 Ice Magic
 * Level 6.0 Evocations


You had 14 spell levels left.
You knew the following spells:

 Your Spells              Type           Power      Damage    Failure   Level
a - Freeze                Ice            100%       1d10      1%          1
b - Frozen Ramparts       Ice            60%        1d10      1%          3
c - Ozocubu's Armour      Ice            30%        N/A       1%          3
d - Summon Ice Beast      Ice/Summ       20%        N/A       6%          4

Your spell library contained the following spells:

 Spells                   Type           Power      Damage    Failure   Level
 Magic Dart               Conj           24%        1d4       4%          1
 Necrotise                Necr           24%        1d5       4%          1
 Slow                     Hex            24%        N/A       4%          1
 Blink                    Tloc           12%        N/A       7%          2
 Lesser Beckoning         Tloc           12%        N/A       7%          2
 Momentum Strike          Conj/Tloc      12%        3d8       7%          2
 Searing Ray              Conj           12%        2d4       7%          2
 Confusing Touch          Hex            6%         N/A       14%         3
 Gell's Gravitas          Tloc           6%         N/A       14%         3
 Teleport Other           Tloc           6%         N/A       14%         3
 Vampiric Draining        Necr           6%         2d6       14%         3
 Fulminant Prism          Conj/Hex       3%         3d5       41%         4
 Agony                    Necr           6%         N/A       75%         5
 Blade Hands              Tmut           3%         N/A       75%         5
 Irradiate                Conj/Tmut      3%         3d12      75%         5
 Dispersal                Tloc           3%         N/A       99%         6
 Dragon Form              Tmut           3%         N/A       100%        7


Dungeon Overview and Level Annotations

Branches:
Dungeon (10/15)            Temple (1/1) D:6            Lair (1/5) D:9
  Sewer (visited)          Bailey (visited)
    Orc: D:9-12

Altars:
Ashenzari
Cheibriados
Dithmenos
Elyvilon
Fedhas
Gozag
Hepliaklqana
Kikubaaqudgha
Makhleb
Nemelex Xobeh
Okawaru
Qazlal
Ru
Sif Muna
Trog
Uskayaw
Vehumet
Wu Jian
Xom
Yredelemnul
Zin
The Shining One

Shops:
D:2 !   D:5 [   D:7 :   D:8 (?!:!

Annotations:
Lair:1 Urug


Innate Abilities, Weirdness & Mutations

Your dull iron-grey scales are very hard. (AC +12)
You are amphibious.
You cannot fit into any form of body armour.
You are cold-blooded and may be slowed by cold attacks.


Message History

You barely miss the hell rat.
You tail-slap the hell rat, but do no damage.
The hell rat completely misses you.
You slash the hell rat! You burn the hell rat.
You tail-slap the hell rat, but do no damage.
The hell rat is severely wounded.
The hell rat bites you but does no damage.
Casting: Ozocubu's Armour (safe; 1% risk of failure)
Confirm with . or Enter, or press ? or * to list all spells.
Casting: Frozen Ramparts (safe; 1% risk of failure)
Press: ? - help, Dir - look around, f - activate The walls around you are covered in ice.
The wall freezes Urug.
Unknown command.
Aiming: Corrosive Bolt
Press: ? - help, Shift-Dir - straight line, f - Urug
Aim: Urug, wielding a +2 great sword of electrocution, wearing a +0 scale mail and quivering javelins (lightly wounded, 67% to hit)
The bolt of acid hits Urug!
The acid corrodes Urug!
Urug is moderately wounded.
You hear a deafening roar!
The wall freezes the hell rat.
A hell rat comes into view.
Okay, then.
Clouds of poison gas condense around you!
The condenser dries out!
The wall freezes Urug!
Urug hits you but does no damage.
The hell rat is engulfed in poison gas.
The hell rat is poisoned.
The wall freezes the hell rat.
You barely miss Urug.
Urug is heavily wounded.
The wall freezes the hell rat but does no damage.
The wall freezes Urug.
Urug hits you with a +2 great sword of electrocution!
You are electrocuted!!
The hell rat is engulfed in poison gas.
The hell rat looks even sicker.
The wall freezes the hell rat.
You kill the hell rat!
You feel better.
The wall freezes Urug!
Urug hits you with a +2 great sword of electrocution!!
* * * LOW HITPOINT WARNING * * *
You are electrocuted!!
You die...

#. .... #. .#...
#.# ##+# .....
###..##..# ......
#.#...#.. #.§...#
####......##......#
#.......r§r......P.
...#..##o§.........
#.##..@#........P#
#......##......###
#.......##......#
#........##.o...#
#...†....#......#
#........†#......
##........# ....
#.<..........
#.P.........#...


You could see Urug (corroded) and 2 hell rats.

Vanquished Creatures
  Erica (D:8)
  An orc knight (Bailey)
  A komodo dragon (D:9)
  A troll (D:9)
  Sigmund (D:3)
  A wraith (D:9)
  2 water moccasins
  6 orc warriors
  A nameless horror (Bailey)
  An ice beast (D:6)
  3 black bears
  An ogre (D:6)
  7 centaurs
  A phantom (D:6)
  7 kobold brigands
  8 bullfrogs
  2 scorpions
  14 killer bees
  3 hounds
  Crazy Yiuf (D:3)
  A gnoll bouda (D:7)
  2 iguanas
  A sleepcap (D:8)
  12 orc wizards
  A hell rat (Lair:1)
  12 adders
  8 gnolls
  4 river rats (D:5)
  2 shadow imps
  3 white imps (D:4)
  2 ufetubi (D:6)
  8 worms
  2 dart slugs
  26 orcs
  7 bats
  5 endoplasms
  6 giant cockroaches
  11 goblins
  13 hobgoblins
  4 jackals (D:1)
  45 kobolds
  A quokka (D:5)
  10 ball pythons
  5 frilled lizards
  11 rats
265 creatures vanquished.

Vanquished Creatures (collateral kills)
  A cane toad (Lair:1)
  Psyche (D:8)
  A troll (D:7)
  A polar bear (Lair:1)
  An ice beast (D:7)
  A howler monkey (D:6)
  3 gnolls
  An orc (D:7)
  A goblin (Bailey)
11 creatures vanquished.

Vanquished Creatures (others)
  A centaur (D:8)
  An orc wizard (D:8)
2 creatures vanquished.

Grand Total: 278 creatures vanquished

Notes
Turn   | Place    | Note
-------+----------+-------------------------------------------
     0 | D:1      | ANNNA the Draconian Ice Elementalist began the quest for
                  | the Orb.
     0 | D:1      | Reached XP level 1. HP: 14/14 MP: 3/3
   190 | D:1      | Reached XP level 2. HP: 20/20 MP: 0/5
   602 | D:1      | Reached XP level 3. HP: 26/26 MP: 3/6
   805 | D:1      | Learned a level 3 spell: Frozen Ramparts
  1158 | D:2      | Reached skill level 1 in Evocations
  1265 | D:2      | Reached XP level 4. HP: 33/33 MP: 7/7
  1297 | D:2      | Learned a level 3 spell: Ozocubu's Armour
  1471 | D:2      | Found Hiufueri's Distillery.
  1480 | D:2      | Bought a potion of heal wounds for 70 gold pieces
  1697 | D:2      | Found a sparkling altar of Nemelex Xobeh.
  1785 | D:3      | Noticed Sigmund
  2500 | D:3      | Identified the +1 dagger of Wariness {flame, rC- Str+4
                  | Dex+3 Stlth+}
  2517 | D:3      | Found a runed translucent door.
  2518 | D:3      | Noticed Crazy Yiuf
  2528 | D:3      | Killed Crazy Yiuf
  2529 | D:3      | Reached skill level 1 in Short Blades
  2529 | D:3      | Reached XP level 5. HP: 38/38 MP: 2/9
  2661 | D:3      | Killed Sigmund
  2662 | D:3      | Reached skill level 5 in Ice Magic
  2662 | D:3      | Reached XP level 6. HP: 31/46 MP: 0/11
  3704 | D:4      | Reached skill level 1 in Long Blades
  3981 | D:5      | Entered Level 5 of the Dungeon
  4052 | D:5      | Your scales start taking on a dull iron-grey colour.
  4052 | D:5      | Reached XP level 7. HP: 51/51 MP: 4/13
  4193 | D:5      | Found a glowing drain.
  4201 | Sewer    | Entered a sewer
  4536 | Sewer    | Reached skill level 1 in Fighting
  4637 | D:5      | Reached skill level 5 in Spellcasting
  4706 | D:5      | Learned a level 4 spell: Summon Ice Beast
  4719 | D:5      | Found Xiacimi's Antique Armour Shoppe.
  4739 | D:5      | Reached XP level 8. HP: 59/59 MP: 11/15
  5742 | D:6      | Found a staircase to the Ecumenical Temple.
  5751 | Temple   | Entered the Ecumenical Temple
  5852 | Temple   | Became a worshipper of Ashenzari the Shackled
  6368 | D:6      | Reached XP level 9. HP: 61/64 MP: 14/18
  6905 | D:7      | Reached skill level 5 in Stealth
  6943 | D:7      | Reached skill level 5 in Long Blades
  7167 | D:7      | Found Qaashrowk's Book Shop.
  7191 | D:7      | Noticed a troll
  7201 | D:7      | Killed a troll
  7425 | D:5      | Bought a glowing orb for 312 gold pieces
  7526 | D:8      | Found Iwkyiho's Book Boutique.
  7566 | D:8      | Found Ywoocwas's Antique Weapon Boutique.
  7593 | D:8      | Found Yrphucsod's Magic Scroll Emporium.
  7605 | D:8      | Bought a scroll of identify for 28 gold pieces
  7605 | D:8      | Bought a scroll of identify for 28 gold pieces
  7723 | D:8      | Noticed Erica
  7734 | D:8      | Killed Erica
  7735 | D:8      | Reached skill level 1 in Summonings
  7735 | D:8      | Reached skill level 5 in Evocations
  7861 | D:8      | Found Idem's Distillery.
  7862 | D:8      | Noticed Psyche
  7882 | D:8      | Killed Psyche
  7884 | D:8      | Reached XP level 10. HP: 48/73 MP: 10/20
  8534 | D:8      | Found Coerafan's Distillery.
  8690 | D:9      | Found a flagged portal.
  8701 | Bailey   | Entered a bailey
  8714 | Bailey   | Noticed an orc knight
  8891 | Bailey   | Killed an orc knight
  9611 | D:9      | Found a staircase to the Lair.
 10045 | D:9      | Found an ancient bone altar of Kikubaaqudgha.
 10046 | D:9      | Found a stormy altar of Qazlal.
 10047 | D:9      | Found a shimmering altar of Xom.
 10048 | D:9      | Found a bloodstained altar of Trog.
 10049 | D:9      | Found a hide-covered altar of Uskayaw.
 10054 | D:9      | Identified the scarf of Qeoppof {rC+ rF+, rPois Will- rCorr
                  | Stlth+}
 10325 | D:10     | Entered Level 10 of the Dungeon
 10667 | D:10     | Identified the +1 spear of Lalicur {vamp, Drain Int+2
                  | Stlth+}
 11109 | Lair:1   | Entered Level 1 of the Lair of Beasts
 11109 | Lair:1   | Found a sparkling altar of Nemelex Xobeh.
 11117 | Lair:1   | Noticed a cane toad
 11125 | Lair:1   | Killed a cane toad
 11171 | Lair:1   | Noticed Urug
 11185 | Lair:1   | Mangled by Urug

Illustrated notes

Levels and vault maps discovered:
D:1:      eino_arrival_druids_welcome, layout_loops_ring
D:2:      layout_loops_ring, serial_shops, shop, basic_altar, st_stairs_13
D:3:      layout_basic, uniq_crazy_yiuf_cottage, uniq_sigmund
D:4:      layout_basic, serial_demonic, serial_demonic_g, serial_demonic_c,
          serial_demonic_a, serial_demonic_g, serial_demonic_b, serial_demonic_e
D:5:      layout_basic, lightli_sewer_entry_pipes, serial_shops, shop
D:6:      layout_loops_ring, minmay_temple_entry_mini_moons,
          hangedman_minor_gate_pass
D:7:      layout_rooms, serial_shops, shop
D:8:      layout_basic, serial_shops, nicolae_shop_getting_attention,
          nicolae_shop_temple_entry_statues_fountains,
          nicolae_shop_industrial_runoff, nicolae_diamond_shop,
          nicolae_book_shop_shelving, uniq_erica, uniq_psyche
D:9:      layout_loops_ring, grunt_temple_overflow_open,
          due_lair_maze_entry_diamond, enter_bailey_2
D:10:     layout_basic
Temple:   nicolae_temple_bog_church
Lair:1:   layout_cave_pods, basic_altar, grunt_megastairs_1, uniq_urug

Skill      XL: |  1  2  3  4  5  6  7  8  9 10 |
---------------+-------------------------------+-----
Stealth        | 2 3 4 5 7 |  7.0
Evocations     | 1 2 3 4 5 6 |  6.0
Short Blades   | 1 2 |  2.7
Dodging        | 2 3 4 |  4.3
Spellcasting   | 3 4 5 6 7 8 |  8.3
Ice Magic      | 5 6 7 8 |  8.0
Long Blades    | 2 4 6 8 |  8.3
Fighting       | 1 2 |  2.9
Summonings     | 1 |  1.7
Unarmed Combat | |  0.1

Action                     |  1- 3 |  4- 6 |  7- 9 | 10-12 || total
---------------------------+-------+-------+-------+-------++-------
  Melee: Unarmed           |    12 |       |     2 |       ||    14
         Tailslap          |    14 |    29 |    32 |    38 ||   113
         Dagger            |    89 |   127 |   141 |       ||   357
         Punch             |     1 |     2 |     2 |     2 ||     7
         Long sword        |       |    64 |   140 |       ||   204
         Scimitar          |       |       |       |   188 ||   188
  Throw: Dart              |       |       |     3 |     1 ||     4
   Cast: Freeze            |    26 |    12 |     1 |     1 ||    40
         Frozen Ramparts   |     3 |    14 |    27 |    16 ||    60
         Ozocubu's Armour  |       |    11 |    21 |    10 ||    42
         Summon Ice Beast  |       |       |    10 |     7 ||    17
  Evoke: Wand              |       |       |       |     6 ||     6
         Condenser vane    |       |       |       |     1 ||     1
    Use: Scroll            |       |     8 |     8 |     3 ||    19
         Potion            |       |       |     1 |     1 ||     2
   Stab: Sleeping          |     3 |     2 |     8 |     6 ||    19
         Distracted        |       |       |       |     1 ||     1
 Armour: Skin              |    58 |    63 |   119 |    69 ||   309
  Dodge: Dodged            |    74 |   153 |   307 |   148 ||   682
